 Dungeon Crawl Stone Soup version 0.25-a0-592-g443c2f7 (webtiles) character file.

Game seed: 14064408743917704989, levelgen mode: deterministic

122 Auros the Digger (level 4, -2/39 HPs)
             Began as a Troll Earth Elementalist on Mar 14, 2020.
             Killed from afar by a dart slug (3 damage)
             ... with a slug dart
             ... on level 3 of the Dungeon.
             The game lasted 00:09:02 (1742 turns).

Auros the Digger (Troll Earth Elementalist)         Turns: 1742, Time: 00:09:03

Health: -2/39      AC:  6    Str: 16    XL:     4   Next: 78%
Magic:  4/4        EV: 10    Int: 12    God:
Gold:   43         SH:  0    Dex: 10    Spells: 2/5 levels left

rFire    . . .     SeeInvis .   h - +0 hunting sling (curse)
rCold    . . .     Gourm    +   (no shield)
rNeg     . . .     Faith    .   c - +0 robe
rPois    .         Spirit   .   (helmet restricted)
rElec    .         Reflect  .   (no cloak)
rCorr    .         Harm     .   (gloves unavailable)
MR       .....                  (boots unavailable)
Stlth    +.........             (no amulet)
HPRegen  0.53/turn              (no ring)
MPRegen  0.09/turn              (no ring)

@: no status effects
A: large, unfitting armour, claws 3, fast metabolism 3, gourmand, regeneration
1, shaggy fur 1, tough skin 3
a: no special abilities


You were on level 3 of the Dungeon.
You were very full.

You visited 1 branch of the dungeon, and saw 3 of its levels.

You collected 43 gold pieces.

Inventory:

Hand Weapons
 h - a cursed +0 hunting sling (weapon)
Missiles
 e - 16 arrows
 g - 14 bolts
 Z - 56 stones (quivered)
Armour
 c - a +0 robe (worn)
Potions
 a - a potion of cancellation {unknown}
 b - a potion of invisibility
 d - a potion of might {unknown}
 f - 2 potions of heal wounds {unknown}
 i - a potion of flight {unknown}
Comestibles
 z - 7 rations


   Skills:
 - Level 1.5 Dodging
 - Level 1.0 Stealth
 + Level 2.3 Unarmed Combat
 - Level 1.2 Spellcasting
   Level 0.6 Transmutations
 + Level 4.4 Earth Magic


You had 2 spell levels left.
You knew the following spells:

 Your Spells              Type           Power        Failure   Level  Hunger
a - Stone Arrow           Conj/Erth      #.....       34%         3    ####...

Your spell library contained the following spells:

 Spells                   Type           Power        Failure   Level  Hunger
 Sandblast                Erth           ##....       4%          1    ##.....
 Passwall                 Tmut/Erth      #.......     16%         2    ###....
 Petrify                  Tmut/Erth      #.......     71%         4    #####..
 Lee's Rapid Deconstruct  Erth           ##........   78%         5    ######.


Dungeon Overview and Level Annotations

Branches:
Dungeon (3/15)

Altars:


Innate Abilities, Weirdness & Mutations

You are too large for most types of armour.
You have claws for hands.
Your metabolism is lightning-fast.
You like to eat raw meat.
Your natural rate of healing is unusually fast.
You are covered in fur. (AC +1)
You have extremely tough skin. (AC +3)


Message History

The slug dart hits you!
* * * LOW HITPOINT WARNING * * *
Firing (i - inventory)
Z - 57 stones (quivered)
Press: ? - help, Shift-Dir - straight line, f/p - dart slug
Aim: a dart slug (almost dead)
You shoot a stone.
The stone hits the dart slug but does no damage.
The dart slug is almost dead.
You hear a splash.
The dart slug launches a dart at you. The slug dart misses you.
The dart slug launches a dart at you. The slug dart hits you.
* * * LOW HITPOINT WARNING * * *
The dart slug launches a dart at you. The slug dart hits you!
* * * LOW HITPOINT WARNING * * *
The dart slug launches a dart at you. The slug dart hits you.
You die...

#.≈≈ ≈≈≈w#
###≈(≈ ≈≈≈≈#
#≈≈#≈≈# ≈≈≈≈ .
.≈≈≈≈≈≈ ≈≈≈ #≈.
≈≈≈≈≈≈≈#≈≈ ≈≈w≈
≈≈#≈≈≈≈≈≈#≈≈≈≈≈
≈≈≈.≈≈...≈≈.[≈≈
≈≈.....@(((?.≈≈
≈≈..!≈<..≈≈(.≈≈
#≈≈≈≈≈≈≈≈≈≈?≈≈≈
≈≈≈≈#≈≈≈≈≈≈≈≈≈≈
(≈≈ ≈≈≈≈#≈≈≈≈≈.
## ≈≈≈≈≈≈≈≈≈≈≈#
≈w≈≈≈#≈≈#w≈##
##.#≈≈ ≈≈≈.##


You could see 4 dart slugs.

Vanquished Creatures
  Natasha (twice) (D:2)
  An adder (D:2)
  2 oozes
  5 dart slugs
  3 worms (D:2)
  2 leopard geckos
  2 giant cockroaches (D:2)
  4 goblins
  6 hobgoblins
  2 kobolds (D:2)
  A quokka (D:2)
  A ball python (D:1)
  5 bats
  2 frilled lizards (D:1)
  2 rats
40 creatures vanquished.

Notes
Turn   | Place    | Note
-------+----------+-------------------------------------------
     0 | D:1      | Auros the Troll Earth Elementalist began the quest for the
                  | Orb.
     0 | D:1      | Reached XP level 1. HP: 16/16 MP: 1/1
   101 | D:1      | Reached skill level 3 in Earth Magic
   178 | D:1      | Reached XP level 2. HP: 20/24 MP: 2/2
   676 | D:2      | Reached XP level 3. HP: 31/31 MP: 3/3
   681 | D:2      | Learned a level 3 spell: Stone Arrow
   958 | D:2      | Reached skill level 1 in Unarmed Combat
   958 | D:2      | Reached skill level 4 in Earth Magic
  1317 | D:2      | Noticed Natasha
  1333 | D:2      | Killed Natasha
  1333 | D:2      | Reached XP level 4. HP: 20/39 MP: 4/4
  1634 | D:2      | Noticed Natasha
  1651 | D:2      | Killed Natasha
  1741 | D:3      | HP: 1/39 [dart slug/slug dart (7)]
  1742 | D:3      | Killed from afar by a dart slug

Levels and vault maps discovered:
D:1:      dpeg_arrival_more_subterranean_lakeside_camping, layout_loops_ring,
          minmay_cut_off
D:2:      layout_basic, uniq_natasha
D:3:      kennysheep_slugbush, layout_basic, first_ration, uniq_ijyb,
          uniq_jessica

Skill      XL: |  1  2  3  4 |
---------------+-------------+-----
Earth Magic    | 3 4 |  4.4
Unarmed Combat | 1 2 |  2.3
Dodging        | |  1.5
Stealth        | |  1.0
Spellcasting   | |  1.2
Transmutations | |  0.6

Action                   |  1- 3 |  4- 6 || total
-------------------------+-------+-------++-------
Melee: Unarmed           |    42 |    10 ||    52
       Hunting sling     |     5 |       ||     5
 Fire: Hunting sling     |    90 |    41 ||   131
 Cast: Sandblast         |     1 |       ||     1
       Stone Arrow       |     1 |       ||     1
  Use: Scroll            |     4 |       ||     4
  Eat: Chunk             |    18 |     3 ||    21
Armor: Robe              |    35 |     6 ||    41
       Skin              |       |     1 ||     1
Dodge: Dodged            |    52 |     7 ||    59

Table legend:
 A = Non-vault XP
 B = Vault XP
 C = Vault XP percentage of total XP
 D = Non-vault monster count
 E = Vault monster count
 F = Vault count percentage of total count
                 A         B        C        D         E       F
            +---------+---------+-------+---------+---------+-------
      Total |     123 |      52 |  29.7 |      34 |       6 |  15.0
            +---------+---------+-------+---------+---------+-------
        D:1 |      24 |       5 |  17.2 |      12 |       2 |  14.3
        D:2 |      99 |      35 |  26.1 |      22 |       1 |   4.3
        D:3 |       0 |      12 | 100.0 |       0 |       3 | 100.0
            +---------+---------+-------+---------+---------+-------
